 Dungeon Crawl Stone Soup version 0.28-a0-239-g68911e0c57 (webtiles) character file.

Game seed: 10493259120220654857

904 Smaepdii the Bolt Thrower (level 8, -1/49 HPs)
             Began as a Gargoyle Hunter on Aug 23, 2021.
             Slain by an orc warrior (14 damage)
             ... on level 5 of the Dungeon.
             The game lasted 00:28:18 (7081 turns).

Smaepdii the Bolt Thrower (Gargoyle Hunter)         Turns: 7081, Time: 00:28:19

Health: -1/49      AC: 14    Str: 18    XL:     8   Next: 8%
Magic:  8/8        EV: 10    Int: 11    God:
Gold:   145        SH:  0    Dex: 11    Spells: 7/7 levels left

rFire   . . .      SeeInvis .   b - +0 dagger (venom)
rCold   . . .      Faith    .   (no shield)
rNeg    + . .      Spirit   .   g - +0 scale mail
rPois   ∞          Reflect  .   l - +1 helmet
rElec   +          Harm     .   p - +0 cloak
rCorr   +          Rampage  .   (no gloves)
Will    .....                   (no boots)
Stlth   +.........              (no amulet)
HPRegen 0.16/turn               o - ring of resist corrosion
MPRegen 0.11/turn               (no ring)

@: marked
A: sickness immunity, AC +5, negative energy resistance 1, electricity
resistance, torment resistance 1, petrification resistance
a: no special abilities


You were on level 5 of the Dungeon.
You visited 1 branch of the dungeon, and saw 5 of its levels.

You collected 145 gold pieces.

Inventory:

Hand Weapons
 a - a +2 hand crossbow
 b - a +0 dagger of venom (weapon)
 f - a +0 short sword
Missiles
 d - 36 bolts
Armour
 g - a +0 scale mail (worn)
 l - a +1 helmet (worn)
 p - a +0 cloak (worn)
 t - the +2 robe of Claustrophobia {rElec Regen+ Dex-2}
   (You found it on level 4 of the Dungeon)

   Dex:       It affects your dexterity (-2).
   rElec:     It insulates you from electricity.
   Regen:     It increases your rate of health regeneration.
Jewellery
 o - a ring of resist corrosion (left hand)
Wands
 i - a wand of iceblast (12)
Scrolls
 c - 2 scrolls of teleportation
 j - a scroll of holy word {unknown}
Potions
 e - a potion of might
 h - a potion of flight {unknown}
 k - a potion of degeneration {unknown}
 m - 2 potions of curing
 q - 2 potions of berserk rage
 r - a potion of lignification {unknown}
 s - a potion of heal wounds


   Skills:
 + Level 5.2 Fighting
 + Level 6.0 Crossbows
 + Level 3.9 Dodging
 + Level 5.3 Stealth


You had 7 spell levels left.
You didn't know any spells.
Your spell library contained the following spells:

 Spells                   Type           Power      Damage    Failure   Level
 Shock                    Conj/Air       0%         1d3       77%         1
 Swiftness                Air            0%         N/A       98%         3
 Airstrike                Air            0%         N/A       100%        4
 Dispersal                Tloc           0%         N/A       100%        6
 Disjunction              Tloc           0%         N/A       100%        8


Dungeon Overview and Level Annotations

Branches:
Dungeon (5/15)
 Temple: D:4-7

Altars:
Qazlal
Ru

Annotations:
D:3 1 runed translucent door, Crazy Yiuf


Innate Abilities, Weirdness & Mutations

You are immune to sickness and miasma.
Your stone body is resilient. (AC +5)
You are immune to poison.
You resist negative energy. (rN+)
You are resistant to electric shocks. (rElec)
You are resistant to unholy torment.
You are immune to petrification.


Message History

The centaur kicks you but does no damage.
The centaur hits you but does no damage.
The centaur kicks you but does no damage.
You hit the centaur.
The centaur looks as sick as possible!
The centaur is moderately wounded.
The centaur misses you. The centaur barely misses you.
You hit the centaur.
The centaur looks as sick as possible!
The centaur is severely wounded.
The centaur barely misses you.
The centaur kicks you but does no damage.
The centaur hits you. The centaur barely misses you.
You hit the centaur but do no damage.
The centaur looks as sick as possible!
The centaur is severely wounded.
The centaur hits you but does no damage.
The centaur kicks you but does no damage.
You hit the centaur but do no damage.
The centaur is severely wounded.
The centaur hits you but does no damage.
The centaur barely misses you.
The centaur hits you but does no damage.
The centaur kicks you but does no damage.
You hit the centaur.
The centaur looks as sick as possible!
The centaur is almost dead.
The centaur barely misses you. The centaur closely misses you.
The orc priest looks satisfied for a moment.
A water moccasin skeleton comes into view.
The centaur wields a +0 shortbow.
The centaur shoots an arrow.
The arrow hits you.
The centaur shoots an arrow.
The arrow hits you!
A jelly comes into view.
You feel a bit more experienced.
Your Crossbows skill increases to level 6!
You have reached level 8!
You feel stronger.
The water moccasin skeleton barely misses you.
The water moccasin skeleton bites you.
There is a stone staircase leading up here.
The orc barely misses you. The water moccasin skeleton bites you.
* * * LOW HITPOINT WARNING * * *
The orc warrior hits you with a +0 halberd!
You die...

,,,,**,,*****..##.........o(..,,*
,,*,**,,*.##**........<.(###..,**
,,*****,,...**,..........#**,.,*,
,,,***,,*,#..,,#.#.....(..).**,,,
*,,**,,,,,#...##...#>.........*,,
*,,,,,**,,#...#....##.#.......*,,
,,,,,,,,,**#..J..o.##.,.......,,,
,,,*,***.####((Z.#..##,.......,,,
...*** *..#....o@##c...##.....,,,
...######.#......#,.....#*,,,,,,,
......##......##o.,(......,,,,,,*
..........................,,,,,**
............#.##..........,,,***
............#....##.#....$,,,*
.................#*##.(...,,,*
..................,,,,,,,,,,,***
....###..h.......,,,,,,,,,,,,,,*


You could see an orc warrior, a jelly, an orc priest, an orc and a water
moccasin skeleton.

Vanquished Creatures
  Eustachio (D:3)
  2 black bears (D:5)
  A centaur (D:5)
  A howler monkey (D:5)
  A jelly (D:3)
  An orc priest (D:5)
  Jessica (D:3)
  Natasha (thrice) (D:3)
  4 orc wizards
  A hound zombie (D:5)
  3 gnolls (D:2)
  5 adders
  2 ufetubi (D:5)
  2 adder skeletons (D:4)
  A worm (D:3)
  A dart slug (D:1)
  22 orcs
  6 endoplasms
  5 giant cockroaches
  3 goblins
  2 hobgoblins (D:3)
  2 quokkas
  3 ball pythons
  6 bats
  9 kobolds
  22 rats
110 creatures vanquished.

Notes
Turn   | Place    | Note
-------+----------+-------------------------------------------
     0 | D:1      | Smaepdii the Gargoyle Hunter began the quest for the Orb.
     0 | D:1      | Reached XP level 1. HP: 12/12 MP: 1/1
   190 | D:1      | Reached XP level 2. HP: 18/18 MP: 2/2
   582 | D:2      | Noticed an ogre
   768 | D:2      | Reached XP level 3. HP: 15/22 MP: 3/3
  1021 | D:2      | Reached XP level 4. HP: 12/28 MP: 4/4
  2346 | D:3      | Noticed Jessica
  2349 | D:3      | Killed Jessica
  2564 | D:3      | Found a runed translucent door.
  2565 | D:3      | Noticed Crazy Yiuf
  2596 | D:3      | Reached XP level 5. HP: 30/32 MP: 5/5
  2770 | D:3      | Noticed Natasha
  2805 | D:3      | Killed Natasha
  2900 | D:3      | Found a faded altar of an unknown god.
  3344 | D:3      | Noticed Natasha
  3359 | D:3      | Killed Natasha
  3667 | D:3      | Found a faded altar of an unknown god.
  4123 | D:3      | Noticed Natasha
  4129 | D:3      | Killed Natasha
  4298 | D:3      | Reached XP level 6. HP: 19/38 MP: 6/6
  4773 | D:3      | Reached skill level 5 in Crossbows
  4995 | D:4      | Identified the +2 robe of Claustrophobia {rElec Regen+
                  | Dex-2}
  5231 | D:4      | Noticed Eustachio
  5401 | D:3      | Killed Eustachio
  5402 | D:3      | Reached XP level 7. HP: 40/44 MP: 7/7
  5786 | D:4      | Found a sacrificial altar of Ru.
  5786 | D:4      | Found a stormy altar of Qazlal.
  6061 | D:5      | Entered Level 5 of the Dungeon
  6805 | D:5      | Reached skill level 5 in Stealth
  6811 | D:5      | Reached skill level 5 in Fighting
  7080 | D:5      | Reached skill level 6 in Crossbows
  7080 | D:5      | Reached XP level 8. HP: 19/49 MP: 8/8
  7081 | D:5      | Slain by an orc warrior

Illustrated notes

Levels and vault maps discovered:
D:1:      minmay_arrival_arboretum_large, layout_rooms,
          minmay_misc_feat_four_crosses, minmay_misc_feat_plants
D:2:      layout_loops_ring, fountainhead, chequers_hall_statues_y,
          minmay_rat_hole
D:3:      layout_loops_corners, shapermc_ecumenical_altar_hornbeckon,
          hangedman_decor_growths, hangedman_decor_riveting, uniq_jessica,
          uniq_natasha, uniq_crazy_yiuf_cottage
D:4:      layout_cave_pools, gammafunk_temple_overflow_pools,
          chequers_serial_rivers_micro_c, grunt_ministairs_8, uniq_eustachio
D:5:      layout_cave_pools

Skill      XL: |  1  2  3  4  5  6  7 |
---------------+----------------------+-----
Dodging        | 2 3 |  3.9
Stealth        | 2 3 4 5 |  5.3
Fighting       | 3 4 5 |  5.2
Crossbows      | 5 6 |  6.0

Action                   |  1- 3 |  4- 6 |  7- 9 || total
-------------------------+-------+-------+-------++-------
Melee: Dagger            |    62 |   169 |    97 ||   328
 Fire: Hand crossbow     |    24 |    26 |    40 ||    90
  Use: Scroll            |       |       |     7 ||     7
Armor: Scale mail        |    26 |   129 |    92 ||   247
Dodge: Dodged            |    32 |   145 |    80 ||   257

Table legend: (Time is in decaauts)
 A = Elapsed time spent in this place.
 B = Non-inter-level travel time spent in this place.
 C = Inter-level travel time spent in this place.
 D = Time resting spent in this place.
 E = Time spent auto-exploring this place.
 F = Levels seen in this place.
 G = Mean time per level.
                   A        B        C        D        E       F      G
               +--------+--------+--------+--------+--------+-----+--------+
         Total |   7122 |   6873 |    249 |   2279 |   2688 |   5 | 1424.4 |
       Dungeon |   7122 |   6873 |    249 |   2279 |   2688 |   5 | 1424.4 |
               +--------+--------+--------+--------+--------+-----+--------+

Top non-repeatable levels by time:
     D:3: 2981 daAuts
     D:2: 1523 daAuts
     D:4: 1466 daAuts
     D:1: 679 daAuts
     D:5: 471 daAuts
